 Seeded DCSS version 0.30.0-17-ge0270778cf (webtiles) character file.

Game seed: 9635399671560706667 (custom seed)

62 Twinkles the Shooter (level 3, 0/31 HPs)
             Began as a Minotaur Hunter on May 22, 2023.
             Slain by a goblin
             ... wielding a +0 dagger
             ... led by Robin
              (3 damage)
             ... on level 2 of the Dungeon.
             The game lasted 00:01:28 (440 turns).

Twinkles the Shooter (Minotaur Hunter)               Turns: 440, Time: 00:01:29

Health: 0/31       AC:  3    Str: 15    XL:     3   Next: 85%
Magic:  2/2        EV: 12    Int:  6    God:
Gold:   10         SH:  0    Dex: 15    Spells: 2/2 levels left

rFire   . . .        a - +0 shortbow
rCold   . . .        (shield currently unavailable)
rNeg    . . .        c - +0 leather armour
rPois   .            (helmet restricted)
rElec   .            (no cloak)
rCorr   .            (no gloves)
SInv    .            (no boots)
Will    .....        (no amulet)
Stlth   +            (no ring)
HPRegen 0.25/turn    (no ring)
MPRegen 0.08/turn

%: no passive effects
@: no status effects
A: horns 2, retaliatory headbutt
a: no special abilities


You were on level 2 of the Dungeon.
You visited 1 branch of the dungeon, and saw 2 of its levels.

You collected 10 gold pieces.

Inventory:

Hand Weapons
 a - a +0 shortbow (weapon)
Armour
 c - a +0 leather armour (worn)
Jewellery
 b - a +4 ring of slaying
Scrolls
 f - a scroll of fog {unknown}
 K - a scroll of immolation


   Skills:
 + Level 3.2 Fighting
 * Level 5.3 Ranged Weapons
 + Level 3.0 Dodging
 - Level 0.7 Stealth


You had 2 spell levels left.
You didn't know any spells.
Your spell library contained the following spells:

 Spells                   Type           Power      Damage    Failure   Level
 Freeze                   Ice            0%         1d3       52%         1
 Frozen Ramparts          Ice            0%         1d1       88%         3
 Hailstorm                Conj/Ice       0%         3d3       88%         3


Dungeon Overview and Level Annotations

Branches:
Dungeon (1/15) Zot: 11542

Altars:

Annotations:
D:2 Robin


Innate Abilities, Weirdness & Mutations

You have a pair of horns on your head.
You reflexively headbutt those who attack you in melee.


Message History

You shoot an arrow. The arrow closely misses the goblin.
The goblin misses you.
You shoot an arrow. The arrow hits the goblin!
You kill the goblin!
The goblin no longer looks unusually strong.
The goblin hits you with a +0 dagger. The goblin hits you but does no damage.
Robin throws the goblin at you! The goblin attacks as you move away!
The goblin hits you but does no damage. Robin misses you.
Items here: )) ††.
You shoot an arrow.
The arrow hits Robin but does no damage.
Robin is moderately wounded.
The goblin hits you with a +0 dagger. Robin hits you with a +0 spear.
You shoot an arrow. The arrow barely misses Robin.
The goblin closely misses you.
Robin roars a battlecry!
The goblin goes into a battle-frenzy!
You shoot an arrow. The arrow hits Robin.
Robin is heavily wounded.
The goblin hits you with a +0 dagger. Robin barely misses you.
You shoot an arrow. The arrow closely misses Robin.
The goblin hits you with a +0 dagger.
* * * LOW HITPOINT WARNING * * *
Robin hits you but does no damage. The goblin hits you with a +0 dagger.
* * * LOW HITPOINT WARNING * * *
Robin closely misses you.
You shoot an arrow. The arrow closely misses Robin.
The goblin hits you but does no damage. Robin hits you but does no damage.
It was a potion of attraction.
You feel attractive to monsters. The goblin closely misses you.
Robin misses you.
It was a potion of cancellation.
Your magical effects are unravelling.
You feel magically purged. The goblin closely misses you.
Robin hits you with a +0 spear.
* * * LOW HITPOINT WARNING * * *
You feel less attractive to monsters.
You shoot an arrow. The arrow barely misses Robin.
The goblin hits you with a +0 dagger.
You die...

#........... ##...###
#...##...... ##......#
#.########## #.......# #.#
## ......... #.# ##.
#.......# #.## ##..
#......# #..## ##...
##.....)########...####....
........)g@g).........'....
##.....#########...####....
##.#.. ##..# ##... ..).g.
##.# ##.. # ###.# #.# ##.
#g #.# ## .. #.# # ## #.# #
#.# ##


You could see Robin and a goblin (strong).

Vanquished Creatures
  Natasha (D:2)
  An adder (D:2)
  2 bats (D:2)
  An endoplasm (D:2)
  A giant cockroach (D:2)
  6 goblins (D:2)
  5 hobgoblins (D:2)
  4 jackals (D:2)
  A quokka (D:2)
  A frilled lizard (D:1)
  A kobold (D:2)
24 creatures vanquished.

Notes
Turn   | Place    | Note
-------+----------+-------------------------------------------
     0 | D:1      | Twinkles the Minotaur Hunter began the quest for the Orb.
     0 | D:1      | Reached XP level 1. HP: 18/18 MP: 0/0
    32 | D:1      | You fall into a shaft and drop 1 floor!
   196 | D:2      | Noticed Natasha
   201 | D:2      | Killed Natasha
   202 | D:2      | Reached skill level 5 in Ranged Weapons
   202 | D:2      | Reached XP level 2. HP: 24/26 MP: 1/1
   202 | D:2      | Reached XP level 3. HP: 28/31 MP: 2/2
   414 | D:2      | Noticed Robin
   436 | D:2      | HP: 8/31 [goblin/+0 dagger[Robin] (5)]
   436 | D:2      | HP: 3/31 [goblin/+0 dagger[Robin] (5)]
   440 | D:2      | Slain by a goblin

Illustrated notes

Levels and vault maps discovered:
D:1:      roderic_octagonal_star, layout_loops_cross
D:2:      layout_loops_corners, uniq_jessica, uniq_natasha, uniq_robin

Skill      XL: |  1  2  3 |
---------------+----------+-----
Fighting       | 3 |  3.2
Ranged Weapons | 5 |  5.3
Dodging        | 3 |  3.0
Stealth        | |  0.7

Action                     || total
---------------------------++-------
   Fire: Shortbow          ||    59
    Use: Potion            ||     2
 Armour: Leather armour    ||     9
  Dodge: Dodged            ||    28
